 Dungeon Crawl Stone Soup version 0.29.1-2-gbd0b4ee654 (webtiles) character file.

Game seed: 3350998587805545516

221 RKaid the Sneak (level 5, 0/34 HPs)
             Began as an Octopode Air Elementalist on Nov 27, 2022.
             Slain by a black bear (5 damage)
             ... on level 4 of the Dungeon.
             The game lasted 00:14:15 (4510 turns).

RKaid the Sneak (Octopode Air Elementalist)         Turns: 4510, Time: 00:14:15

Health: 0/34       AC:  1    Str:  7    XL:     5   Next: 98%
Magic:  1/9        EV: 13    Int: 24    God:
Gold:   164        SH:  0    Dex: 11    Spells: 3/10 levels left

rFire   + + .      SeeInvis .   n - +2 sling of Tarri {vorpal, rF+ Int+5 Dex-2}
rCold   + . .      Faith    .   (no shield)
rNeg    . . .      Spirit   .   (helmet restricted)
rPois   .          Reflect  .   (no amulet)
rElec   .          Harm     .   e - ring of protection from cold {rC+}
rCorr   +          Rampage  .   g - ring of protection from fire {rF+}
Will    .....                   d - ring of resist corrosion
Stlth   +++.......              (no ring)
HPRegen 0.11/turn               (no ring)
MPRegen 0.11/turn               (no ring)
                                (no ring)
                                (no ring)

@: no status effects
A: almost no armour, amphibious, 8 rings, camouflage 1, gelatinous body 1,
(nimble swimmer 1), tentacles
a: no special abilities


You were on level 4 of the Dungeon.
You visited 1 branch of the dungeon, and saw 4 of its levels.

You collected 164 gold pieces.

Inventory:

Hand Weapons
 n - the +2 sling of Tarri (weapon) {vorpal, rF+ Int+5 Dex-2}
   (You found it on level 3 of the Dungeon)

   Any ammunition fired from it inflicts extra damage upon your enemies.
   Int:       It affects your intelligence (+5).
   Dex:       It affects your dexterity (-2).
   rF:        It protects you from fire.
Missiles
 h - 6 poisoned darts
 m - a throwing net {=f}
Jewellery
 d - a ring of resist corrosion (on tentacle)
   (You found it on level 2 of the Dungeon)
 e - a ring of protection from cold (left tentacle) {rC+}
   (You found it on level 1 of the Dungeon)
 g - a ring of protection from fire (right tentacle) {rF+}
   (You found it on level 2 of the Dungeon)
Scrolls
 b - a scroll of magic mapping {!r}
 j - a scroll of vulnerability {!r!r}
 l - a scroll of enchant weapon
 o - 2 scrolls of amnesia
Potions
 a - a potion of magic
 c - 3 potions of curing
 f - a potion of resistance
 k - 2 potions of attraction {!q}
 p - a potion of brilliance


   Skills:
 + Level 2.2 Fighting
 - Level 2.0 Dodging
 + Level 4.5 Stealth
 + Level 3.0 Spellcasting
 + Level 2.5 Conjurations
 + Level 3.8 Air Magic


You had 3 spell levels left.
You knew the following spells:

 Your Spells              Type           Power      Damage    Failure   Level
a - Shock                 Conj/Air       76%        1d7       3%          1
b - Poisonous Vapours     Pois/Air       24%        N/A       8%          2
c - Airstrike             Air            11%        2d(2-18)  22%         4

Your spell library contained the following spells:

 Spells                   Type           Power      Damage    Failure   Level
 Magic Dart               Conj           64%        1d6       3%          1
 Static Discharge         Conj/Air       19%        3-6/arc   4%          2
 Foxfire                  Conj/Fire      36%        2x1d5     6%          1
 Swiftness                Air            22%        N/A       7%          3
 Apportation              Tloc           6%         N/A       11%         1
 Necrotise                Necr           12%        1d4       11%         1
 Sandblast                Erth           6%         2d5       11%         1
 Sting                    Tmut/Pois      12%        1d3       11%         1
 Summon Small Mammal      Summ           12%        N/A       11%         1
 Mephitic Cloud           Conj/Pois/Air  13%        N/A       14%         3
 Call Imp                 Summ           3%         N/A       16%         2
 Passwall                 Tmut/Erth      2%         N/A       16%         2
 Sublimation of Blood     Necr           3%         N/A       16%         2
 Wereblood                Tmut           3%         N/A       16%         2
 Conjure Flame            Conj/Fire      9%         6-21      19%         3
 Stone Arrow              Conj/Erth      18%        3d8       19%         3
 Gell's Gravitas          Tloc           3%         N/A       32%         3
 Inner Flame              Hex/Fire       3%         N/A       32%         3
 Lesser Beckoning         Tloc           3%         N/A       32%         3
 Teleport Other           Tloc           3%         N/A       32%         3
 Flame Wave               Conj/Fire      9%         2d6       54%         4
 Olgreb's Toxic Radiance  Pois           3%         N/A       71%         4
 Summon Hydra             Summ           1%         N/A       100%        7


Dungeon Overview and Level Annotations

Branches:
Dungeon (4/15)
 Temple: D:4-7

Altars:
Hepliaklqana
Xom

Shops:
D:1 !


Innate Abilities, Weirdness & Mutations

You cannot wear most types of armour.
You are amphibious.
You can wear up to eight rings at the same time.
Your skin changes colour to match your surroundings (Stealth+).
Your rubbery body absorbs attacks. (AC +1, EV +1)
((You are camouflaged when in or above water. (Stealth+)))
You have tentacles for arms and can constrict up to eight enemies at once.


Message History

You start resting.
c - 3 potions of curing (gained 1)
You pick up a book of Cantrips and begin reading...
You add the spells Necrotise, Summon Small Mammal and Apportation to your library.
Okay, then.
Unknown command.
You now have 158 gold pieces (gained 12).
You open the door.
There is an open door here.
You open the door.
There is an open door here.
You see here a +0 robe.
You see here a +0 robe.
You open the door.
There is an open door here.
You now have 164 gold pieces (gained 6).
An iguana comes into view.
Found a stone staircase leading up.
Casting: Poisonous Vapours (safe; 8% risk of failure)
Confirm with . or Enter, or press ? or * to list all spells.
Aiming: Poisonous Vapours (safe; 8% risk of failure)
Press: ? - help, Dir - move target, f - iguana
Aim: an iguana (asleep) Poisonous vapours surround the iguana!
The iguana is poisoned.
The iguana hisses angrily.
Casting: Poisonous Vapours (safe; 8% risk of failure)
Confirm with . or Enter, or press ? or * to list all spells.
Aiming: Shock (safe; 3% risk of failure)
Press: ? - help, Shift-Dir - straight line, f/p - iguana
Aim: an iguana (poisoned, 75% to hit)
The zap hits the iguana.
Casting: Shock (safe; 3% risk of failure)
Confirm with . or Enter, or press ? or * to list all spells.
Aiming: Shock (safe; 3% risk of failure)
Press: ? - help, Shift-Dir - straight line, f/p - iguana
Aim: an iguana (heavily wounded, poisoned, 75% to hit)
The zap hits the iguana.
Casting: Shock (safe; 3% risk of failure)
Confirm with . or Enter, or press ? or * to list all spells.
Aiming: Shock (safe; 3% risk of failure)
Press: ? - help, Shift-Dir - straight line, f/p - iguana
Aim: an iguana (almost dead, poisoned, 75% to hit)
The zap hits the iguana.
You kill the iguana!
Your Spellcasting skill increases to level 3!
You start resting.
A black bear comes into view.
Casting: Shock (safe; 3% risk of failure)
Confirm with . or Enter, or press ? or * to list all spells.
Aiming: Poisonous Vapours (safe; 8% risk of failure)
Press: ? - help, Dir - move target, f - black bear
Aim: a black bear (asleep) Poisonous vapours surround the black bear!
The black bear is poisoned.
Casting: Poisonous Vapours (safe; 8% risk of failure)
Confirm with . or Enter, or press ? or * to list all spells.
Aiming: Poisonous Vapours (safe; 8% risk of failure)
Press: ? - help, Dir - move target, f/p - black bear
Aim: a black bear (poisoned) Poisonous vapours surround the black bear!
The black bear looks even sicker.
Casting: Poisonous Vapours (safe; 8% risk of failure)
Confirm with . or Enter, or press ? or * to list all spells.
Aiming: Shock (safe; 3% risk of failure)
Press: ? - help, Shift-Dir - straight line, f/p - black bear
Aim: a black bear (lightly wounded, very poisoned, 79% to hit)
The zap hits the black bear.
Casting: Shock (safe; 3% risk of failure)
Confirm with . or Enter, or press ? or * to list all spells.
Aiming: Shock (safe; 3% risk of failure)
Press: ? - help, Shift-Dir - straight line, p - black bear The zap hits the black bear. x2
Casting: Shock (safe; 3% risk of failure)
Confirm with . or Enter, or press ? or * to list all spells.
Aiming: Shock (safe; 3% risk of failure)
Press: ? - help, Shift-Dir - straight line, f - black bear
Aim: a black bear (severely wounded, poisoned, 79% to hit)
The zap hits the black bear.
The black bear goes berserk!
Casting: Shock (safe; 3% risk of failure)
Confirm with . or Enter, or press ? or * to list all spells.
Aiming: Shock (safe; 3% risk of failure)
Press: ? - help, Shift-Dir - straight line, f/p - black bear
Aim: a black bear (almost dead, berserk, poisoned, 79% to hit)
The zap hits the black bear.
Casting: Shock (safe; 3% risk of failure)
Confirm with . or Enter, or press ? or * to list all spells.
Aiming: Poisonous Vapours (safe; 8% risk of failure)
Press: ? - help, Dir - move target, f/p - black bear
Aim: a black bear (almost dead, berserk, poisoned) Poisonous vapours surround the black bear!
The black bear looks even sicker.
The black bear misses you. The black bear claws you. The black bear claws you!
The black bear bites you. The black bear claws you!
The black bear barely misses you.
The black bear attacks as you move away!
The black bear bites you.
* * * LOW HITPOINT WARNING * * *
The black bear claws you.
* * * LOW HITPOINT WARNING * * *
The black bear claws you.
You die...

#[# #,#.*,....******,
#.#############.#.###.#.# *,
###.............#.......#.# *,
......#########.###...#.#.#*****,
......#### #.# ###.#.#..*,,,*,
......'..# #.# #h#h#.#*,*,*,
......##.# #.# #.#.#.#*,*,,,
########.# ###.#####.#.#.#*,****
#### #.# #...@h....#...#*,* ...#
#.####.#.#######....#,**** ...#
#......#.# #.#.....,,, ...#
########.# #.#<##.##** ...# #.#
#.#..,,..,, ...#
#.#*****#)#..#,*##*
...######*****#..,,,,,..#[.#,*,,,
.........,,,,,...,,,,,..,...,,,,,
.........,,,,,...,,,,*******,*<,,


You could see a black bear (berserk, poisoned).

Vanquished Creatures
  2 orc priests
  An orc wizard (D:4)
  An iguana (D:4)
  2 adders
  2 worms (D:2)
  2 dart slugs
  3 orcs
  6 ball pythons
  8 endoplasms
  A giant cockroach (D:1)
  8 hobgoblins
  4 jackals (D:1)
  3 quokkas
  8 bats
  5 frilled lizards
  11 goblins
  6 kobolds
  7 rats
80 creatures vanquished.

Notes
Turn   | Place    | Note
-------+----------+-------------------------------------------
     0 | D:1      | RKaid the Octopode Air Elementalist began the quest for the
                  | Orb.
     0 | D:1      | Reached XP level 1. HP: 11/11 MP: 3/3
    56 | D:1      | Found a faded altar of an unknown god.
   274 | D:1      | Reached XP level 2. HP: 18/18 MP: 0/5
   304 | D:1      | Reached skill level 3 in Stealth
   359 | D:1      | Found Afitopt's Distillery.
   517 | D:1      | HP: 4/18 [endoplasm (1)]
   839 | D:1      | Reached XP level 3. HP: 22/22 MP: 2/6
   878 | D:1      | Reached skill level 1 in Fighting
  2065 | D:2      | Reached XP level 4. HP: 28/28 MP: 2/7
  2846 | D:3      | Reached skill level 2 in Conjurations
  3036 | D:3      | Identified the +2 sling of Tarri {vorpal, rF+ Int+5 Dex-2}
  3042 | D:3      | Learned a level 2 spell: Poisonous Vapours
  3047 | D:3      | Learned a level 4 spell: Airstrike
  3132 | D:3      | Found a hazy altar of Hepliaklqana.
  3361 | D:3      | Found the +2 cloak of the Thief {*Fog Slay-2 SInv Stlth+}
  3542 | D:3      | Reached XP level 5. HP: 33/34 MP: 6/9
  3631 | D:3      | Found a shimmering altar of Xom.
  3787 | D:3      | Reached skill level 4 in Stealth
  4139 | D:4      | Reached skill level 2 in Fighting
  4443 | D:4      | Reached skill level 3 in Spellcasting
  4485 | D:4      | Noticed a black bear
  4510 | D:4      | HP: 5/34 [black bear (5)]
  4510 | D:4      | Slain by a black bear

Illustrated notes

Levels and vault maps discovered:
D:1:      mainiacjoe_arrival_reflecting_pool, layout_rooms,
          shapermc_ecumenical_altar_starsandcircs, serial_shops, shop,
          minmay_quantized
D:2:      layout_basic, minmay_diced_spiral
D:3:      layout_loops_corners, tgw_xom, old_standard_altar
D:4:      layout_basic, kennysheep_generic_room_10, uniq_duvessa

Skill      XL: |  1  2  3  4  5 |
---------------+----------------+-----
Stealth        | 3 4 |  4.5
Fighting       | 1 2 |  2.2
Conjurations   | 2 |  2.5
Spellcasting   | 3 |  3.0
Dodging        | |  2.0
Air Magic      | |  3.8

Action                   |  1- 3 |  4- 6 || total
-------------------------+-------+-------++-------
Melee: Unarmed           |     4 |       ||     4
       Tentacles         |     2 |       ||     2
       Constrict         |     1 |       ||     1
Throw: Dart              |     4 |     6 ||    10
 Cast: Shock             |   103 |    74 ||   177
       Poisonous Vapours |       |     8 ||     8
  Use: Potion            |     1 |       ||     1
       Scroll            |       |     7 ||     7
Armor: Skin              |     3 |     1 ||     4
Dodge: Dodged            |     5 |     5 ||    10

Table legend: (Time is in decaauts)
 A = Elapsed time spent in this place.
 B = Non-inter-level travel time spent in this place.
 C = Inter-level travel time spent in this place.
 D = Time resting spent in this place.
 E = Time spent auto-exploring this place.
 F = Levels seen in this place.
 G = Mean time per level.
                   A        B        C        D        E       F      G
               +--------+--------+--------+--------+--------+-----+--------+
         Total |   4507 |   4433 |     74 |   1319 |   2226 |   4 | 1126.8 |
       Dungeon |   4507 |   4433 |     74 |   1319 |   2226 |   4 | 1126.8 |
               +--------+--------+--------+--------+--------+-----+--------+

Top non-repeatable levels by time:
     D:2: 1454 daAuts
     D:3: 1334 daAuts
     D:1: 1254 daAuts
     D:4: 463 daAuts

Table legend:
 A = Kills in this place as a percentage of kills in entire the game.
 B = Kills by you in this place as a percentage of kills by you in the entire game.
 C = Kills by friends in this place as a percentage of kills by friends in the entire game.
 D = Other kills in this place as a percentage of other kills in the entire game.
 E = Experience gained in this place as a percentage of experience gained in the entire game.
 F = Experience gained in this place divided by the number of levels of this place that you have seen.
                   A       B       C       D       E      F
               +-------+-------+-------+-------+-------+----------------------
         Total | 100.0 | 100.0 |   N/A |   N/A | 100.0 |  79.0
       Dungeon | 100.0 | 100.0 |   N/A |   N/A | 100.0 |  79.0
               +-------+-------+-------+-------+-------+----------------------
